 Dungeon Crawl Stone Soup version 0.21.1-1-g345015f (webtiles) character file.

39 letownia2 the Magician (level 3, -1/24 HPs)
             Began as a Merfolk Wizard on Mar 9, 2018.
             Slain by an iguana (2 damage)
             ... on level 4 of the Dungeon.
             The game lasted 00:04:38 (663 turns).

letownia2 the Magician (Merfolk Wizard)              Turns: 663, Time: 00:04:38

Health: -1/24      AC:  9    Str:  8    XL:     3   Next: 47%
Magic:  0/7        EV: 13    Int: 17    God:
Gold:   7          SH:  0    Dex: 17    Spells: 0/8 levels left

rFire    . . .     SeeInvis .   a - +1 dagger (protect)
rCold    . . .     Gourm    .   (no shield)
rNeg     . . .     Faith    .   g - +0 robe
rPois    .         Spirit   .   m - +0 hat
rElec    .         Reflect  .   (no cloak)
rCorr    .         Harm     .   (no gloves)
MR       .....                  (no boots)
Stlth    ++........             (no amulet)
HPRegen  0.08/turn              l - +5 ring of dexterity
MPRegen  0.10/turn              (no ring)

@: protection aura
A: change form in water, swift swim, stealthy swim
a: no special abilities


You were on level 4 of the Dungeon.
You were not hungry.

You visited 1 branch of the dungeon, and saw 4 of its levels.

You collected 7 gold pieces.

Inventory:

Hand Weapons
 a - a +1 dagger of protection (weapon)
 b - a +0 spear
 o - a +1 flail of protection
Armour
 g - a +0 robe (worn)
 m - a +0 hat (worn)
 n - a +0 scale mail
Jewellery
 l - a +5 ring of dexterity (left hand)
Scrolls
 f - 2 scrolls of remove curse {unknown}
 h - 4 scrolls of identify {unknown}
 j - a scroll of fear {unknown}
 p - a scroll of teleportation {unknown}
Potions
 e - a potion of lignification {unknown}
 i - a potion of heal wounds {unknown}
Books
 c - a book of Minor Magic

   Spells                             Type                      Level
   a - Magic Dart                     Conjuration                  1
   b - Blink                          Translocation                2
   c - Call Imp                       Summoning                    2
   d - Slow                           Hexes                        2
   e - Conjure Flame                  Conjuration/Fire             3
   f - Mephitic Cloud                 Conjuration/Poison/Air       3
Comestibles
 d - 3 rations


   Skills:
 - Level 2.6 Dodging
 - Level 2.1 Stealth
 - Level 3.0 Spellcasting
 + Level 1.9 Conjurations
 - Level 2.0 Summonings
 + Level 0.7 Translocations
 + Level 0.3 Air Magic
 + Level 0.5 Poison Magic


You couldn't memorise any spells.
You knew the following spells:

 Your Spells              Type           Power        Failure   Level  Hunger
a - Magic Dart            Conj           #...         8%          1    None
b - Blink                 Tloc           N/A          21%         2    ##.....
e - Mephitic Cloud        Conj/Pois/Air  #.......     34%         3    ###....
i - Call Imp              Summ           #.......     12%         2    ##.....


Dungeon Overview and Level Annotations

Branches:
Dungeon (4/15)
 Temple: D:4-7

Altars:
Elyvilon

Annotations:
D:3 Anonimus's ghost, amateur TrFi


Message History

The iguana is severely wounded.
The iguana closely misses you.
Your crimson imp hits the iguana but does no damage.
Unknown command.
You closely miss the iguana.
The iguana is severely wounded.
The iguana bites you!
* * * LOW HITPOINT WARNING * * *
Your crimson imp hits the iguana but does no damage.
Unknown command.
You closely miss the iguana.
The iguana is severely wounded.
The iguana closely misses you.
Your crimson imp barely misses the iguana.
Unknown command.
You hit the iguana but do no damage.
Your weapon exudes an aura of protection.
The iguana is severely wounded.
The iguana bites you.
You die...

#..........#.####....
##..........## ##...
#...........## ##..
#............## ##.
#.............# ##
#.............#
##............#
#..l5......###
#.@......###
#.....#### #.#####
###


You could see an iguana and a friendly crimson imp.

Vanquished Creatures
  An adder (D:4)
  A dart slug (D:1)
  A leopard gecko (D:3)
  3 bats
  3 goblins
  3 hobgoblins (D:1)
  2 kobolds (D:1)
  2 quokkas
  2 rats
18 creatures vanquished.

Vanquished Creatures (collateral kills)
  An adder (D:3)
  A worm (D:2)
  2 giant cockroaches
  A rat (D:2)
5 creatures vanquished.

Grand Total: 23 creatures vanquished

Notes
Turn   | Place    | Note
-------+----------+-------------------------------------------
     0 | D:1      | letownia2 the Merfolk Wizard began the quest for the Orb.
     0 | D:1      | Reached XP level 1. HP: 13/13 MP: 4/4
    20 | D:1      | Reached skill level 1 in Conjurations
    63 | D:2      | Found a white marble altar of Elyvilon.
   136 | D:1      | Reached XP level 2. HP: 13/19 MP: 0/6
   171 | D:1      | Learned a level 2 spell: Call Imp
   384 | D:3      | Reached XP level 3. HP: 17/24 MP: 1/7
   403 | D:3      | Learned a level 3 spell: Mephitic Cloud
   571 | D:4      | Learned a level 2 spell: Blink
   580 | D:3      | Noticed Anonimus's ghost (amateur TrFi)
   661 | D:4      | HP: 1/24 [iguana (8)]
   663 | D:4      | Slain by an iguana

Skill      XL: |  1  2 |
---------------+-------+-----
Conjurations   | 1 |  1.9
Summonings     | 2 |  2.0
Dodging        | |  2.6
Stealth        | |  2.1
Spellcasting   | |  3.0
Translocations | |  0.7
Air Magic      | |  0.3
Poison Magic   | |  0.5

Action                   || total
-------------------------++-------
Melee: Unarmed           ||    10
       Dagger            ||    48
 Cast: Magic Dart        ||    30
       Call Imp          ||     7
       Blink             ||     1
 Stab: Sleeping          ||     1
Armor: Robe              ||    17
Dodge: Dodged            ||    44
